 Dungeon Crawl Stone Soup version 0.23.0 (webtiles) character file.

Game seed: 8924609968898655977

5445 theswoord the Basher (level 10, -5/144 HPs)
             Began as a Naga Berserker on Feb 10, 2019.
             Was an Elder of Trog.
             Slain by a komodo dragon (20 damage)
             ... on level 8 of the Dungeon.
             The game lasted 00:17:41 (6374 turns).

theswoord the Basher (Naga Berserker)               Turns: 6374, Time: 00:17:42

Health: -5/144     AC:  8    Str: 25    XL:     10   Next: 68%
Magic:  19/19      EV:  6    Int: 12    God:    Trog [****..]
Gold:   189        SH:  0    Dex: 14    Spells: 9/9 levels left

rFire    x . .     SeeInvis +   l - +1 whip (elec)
rCold    . . .     Gourm    .   (no shield)
rNeg     . . .     Faith    .   h - +0 chain mail
rPois    +         Spirit   .   (no helmet)
rElec    +         Reflect  .   (no cloak)
rCorr    .         Harm     .   A - +2 pair of gloves {archery}
MR       +....                  (no barding)
Stlth    ..........             t - amulet of regeneration
HPRegen  0.74/turn              B - ring of Nihilism {rElec rF- MP+9 AC-2 SInv} (curse)
MPRegen  0.16/turn              H - +5 ring of intelligence

@: berserking, quick
A: large, see invisible, deformed body, poison resistance, slowness 2, slow
metabolism 1, spit poison 1, AC +3
a: Spit Poison, Berserk, Trog's Hand, Brothers in Arms, Renounce Religion


You were on level 8 of the Dungeon.
You worshipped Trog.
Trog was greatly pleased with you.
You were hungry.

You visited 1 branch of the dungeon, and saw 8 of its levels.

You collected 387 gold pieces.
You spent 198 gold pieces at shops.

Inventory:

Hand Weapons
 a - a +0 mace
 l - a +1 whip of electrocution (weapon)
 z - a +0 hand crossbow
Armour
 b - a +0 animal skin
 h - a +0 chain mail (worn)
 k - a +0 ring mail
 x - a +0 pair of gloves
 A - a +2 pair of gloves of archery (worn)
Jewellery
 m - an uncursed amulet of the gourmand
 t - an amulet of regeneration (around neck)
 B - the cursed ring of Nihilism (left hand) {rElec rF- MP+9 AC-2 SInv}
   (You found it on level 5 of the Dungeon)

   [ring of protection]

   It affects your AC (-2).
   It makes you vulnerable to fire.
   It insulates you from electricity.
   It affects your magic capacity (+9).
   It lets you see invisible.
   It has a curse placed upon it.
 G - an uncursed ring of ice
 H - a +5 ring of intelligence (right hand)
Wands
 g - a wand of paralysis (11)
 j - a wand of scattershot (5)
 n - a wand of acid (14)
 u - a wand of digging (6)
Scrolls
 e - 4 scrolls of immolation
 y - 4 scrolls of teleportation
 D - a scroll of remove curse
 E - a scroll of magic mapping
 F - a scroll of fog
 I - 3 scrolls of enchant armour
Potions
 d - a potion of brilliance
 f - a potion of lignification
 i - a potion of curing
 o - a potion of degeneration {unknown}
 p - a potion of heal wounds
 q - a potion of mutation
 r - a potion of berserk rage
 s - a potion of invisibility
 v - 3 potions of flight {unknown}
 w - 3 potions of cancellation {unknown}
 C - a potion of ambrosia {unknown}
 J - a potion of might
Comestibles
 c - 16 rations


   Skills:
 + Level 7.8 Fighting
 - Level 12.0 Maces & Flails
 + Level 6.5 Crossbows
 - Level 1.5 Armour
 - Level 1.5 Dodging


You had 9 spell levels left.
You didn't know any spells.
Your spell library was empty.

Dungeon Overview and Level Annotations

Branches:
Dungeon (8/15)             Temple (0/1) D:5
   Lair: D:8-11

Altars:
Ashenzari
Elyvilon
Fedhas
Kikubaaqudgha
Makhleb
Okawaru
Vehumet
Wu Jian
Yredelemnul

Shops:
D:5 [*[


Innate Abilities, Weirdness & Mutations

You cannot wear boots.
Your serpentine skin is tough. (AC +3)
You have supernaturally acute eyesight. (SInv)
Armour fits poorly on your strangely shaped body.
Your system is resistant to poisons. (rPois)
You cover ground very slowly.
You have a slow metabolism.
You can spit poison.


Message History

You hit the komodo dragon.
Lightning courses through the komodo dragon!
You hit the komodo dragon but do no damage.
The komodo dragon bites you!
* * * LOW HITPOINT WARNING * * *
A red film seems to cover your vision as you go berserk!
You feel yourself moving faster!
You feel mighty!
You are feeling hungry.
The komodo dragon bites you!!
* * * LOW HITPOINT WARNING * * *
You hit the komodo dragon.
Unknown command.
You are too berserk!
You hit the komodo dragon. You barely miss the komodo dragon.
The komodo dragon bites you!!
* * * LOW HITPOINT WARNING * * *
You hit the komodo dragon. You whack the komodo dragon!
You barely miss the komodo dragon. The komodo dragon bites you!!
You die...

#############
#.........##.
#.....#......
#.....#......
###########.....#......
#....l@.........#......
#.###..##########......
##.# #....##. #.#
##...##. #.# ######.
#.# ## ..# ## ..# #. #.


You could see a komodo dragon.

Vanquished Creatures
  A two-headed ogre (D:8)
  Pikel (D:5)
  Joseph (D:8)
  Prince Ribbit (D:7)
  Sigmund (D:4)
  A wyvern (D:7)
  2 hungry ghosts (D:8)
  Edmund (D:4)
  Duvessa (D:7)
  A water moccasin (D:8)
  2 sky beasts
  An orc warrior (D:7)
  A phantom (D:4)
  5 centaurs
  6 ogres
  A big kobold (D:8)
  Dowan (D:7)
  A wyvern skeleton (D:8)
  A scorpion (D:4)
  3 electric eels (D:7)
  3 howler monkeys
  4 crimson imps
  2 centaur zombies
  A quasit (D:7)
  3 jellies
  2 hounds
  A bullfrog skeleton (D:6)
  2 orc priests
  7 orc wizards
  A centaur skeleton (D:6)
  4 iguanas
  4 worker ants
  Terence (D:2)
  A killer bee zombie (D:7)
  A hound skeleton (D:6)
  A howler monkey zombie (D:5)
  A worker ant zombie (D:5)
  7 gnolls
  10 adders
  4 worms
  A dart slug (D:3)
  8 leopard geckos
  29 orcs
  8 bats
  6 giant cockroaches
  5 hobgoblins
  17 jackals
  5 quokkas
  4 frilled lizards
  5 goblins
  A jackal skeleton (D:7)
  7 kobolds
  4 rats
193 creatures vanquished.

Vanquished Creatures (others)
  An orc (D:7)
  6 plants (D:8)
7 creatures vanquished.

Grand Total: 200 creatures vanquished

Notes
Turn   | Place    | Note
-------+----------+-------------------------------------------
     0 | D:1      | theswoord the Naga Berserker began the quest for the Orb.
     0 | D:1      | Reached XP level 1. HP: 21/21 MP: 1/1
   111 | D:1      | Found a shattered altar of Ashenzari.
   117 | D:1      | Reached XP level 2. HP: 16/28 MP: 2/2
   798 | D:2      | Reached skill level 4 in Maces & Flails
   798 | D:2      | Reached XP level 3. HP: 34/34 MP: 3/3
  1050 | D:2      | Found a white marble altar of Elyvilon.
  1147 | D:2      | Reached ** piety under Trog
  1213 | D:2      | Reached XP level 4. HP: 38/42 MP: 4/4
  1304 | D:2      | Found a burning altar of Makhleb.
  1304 | D:2      | Found a radiant altar of Vehumet.
  1419 | D:2      | Reached skill level 5 in Maces & Flails
  1437 | D:2      | Noticed Terence
  1442 | D:2      | Killed Terence
  1929 | D:2      | Found a blossoming altar of Fedhas.
  2172 | D:3      | Reached XP level 5. HP: 48/49 MP: 5/5
  2793 | D:4      | Reached skill level 6 in Maces & Flails
  2797 | D:4      | Noticed Sigmund
  2805 | D:4      | Killed Sigmund
  2805 | D:4      | Reached skill level 7 in Maces & Flails
  2805 | D:4      | Reached XP level 6. HP: 56/56 MP: 6/6
  2886 | D:4      | Noticed a phantom
  2891 | D:4      | Killed a phantom
  2891 | D:4      | Reached XP level 7. HP: 62/62 MP: 7/7
  2936 | D:4      | Reached skill level 8 in Maces & Flails
  3027 | D:4      | Noticed Edmund
  3035 | D:4      | Killed Edmund
  3343 | D:5      | Entered Level 5 of the Dungeon
  3370 | D:5      | Reached *** piety under Trog
  3370 | D:5      | Reached skill level 9 in Maces & Flails
  3388 | D:5      | Reached XP level 8. HP: 69/69 MP: 8/8
  3593 | D:5      | Found a staircase to the Ecumenical Temple.
  3612 | D:5      | Found Funkog's General Store.
  3645 | D:5      | Noticed Pikel
  3655 | D:5      | Killed Pikel
  3655 | D:5      | Reached skill level 10 in Maces & Flails
  3726 | D:5      | Reached skill level 11 in Maces & Flails
  3746 | D:5      | Got a crude iron ring
  3816 | D:5      | Found an ornate altar of the Wu Jian Council.
  3912 | D:5      | Found Toiluneh's Armour Boutique.
  3915 | D:5      | Bought a +1 pair of gloves of archery for 198 gold pieces
  3957 | D:5      | Found Bysatuda's Antique Armour Shop.
  4048 | D:6      | Identified the cursed ring of Nihilism {rElec rF- MP+9 AC-2
                  | SInv} (You found it on level 5 of the Dungeon)
  4056 | D:6      | Found a basalt altar of Yredelemnul.
  4063 | D:6      | Reached XP level 9. HP: 60/75 MP: 9/9
  4170 | D:6      | Reached skill level 12 in Maces & Flails
  4178 | D:6      | Reached **** piety under Trog
  4216 | D:6      | Reached skill level 1 in Crossbows
  4676 | D:7      | Noticed Duvessa
  4682 | D:7      | Noticed Dowan
  4721 | D:7      | Killed Duvessa
  4729 | D:7      | Killed Dowan
  4990 | D:7      | Noticed Prince Ribbit
  5010 | D:7      | Killed Prince Ribbit
  5010 | D:7      | Reached skill level 5 in Fighting
  5274 | D:7      | Reached XP level 10. HP: 81/91 MP: 10/10
  5430 | D:7      | Reached skill level 5 in Crossbows
  5936 | D:7      | Found an iron altar of Okawaru.
  6017 | D:8      | Found an ancient bone altar of Kikubaaqudgha.
  6039 | D:8      | Noticed a two-headed ogre
  6058 | D:8      | Killed a two-headed ogre
  6059 | D:8      | Noticed Joseph
  6091 | D:8      | Killed Joseph
  6270 | D:8      | Found the +3 giant club "Skullcrusher" {speed, Str+7}
  6374 | D:8      | Slain by a komodo dragon

Skill      XL: |  1  2  3  4  5  6  7  8  9 10 |
---------------+-------------------------------+-----
Maces & Flails | 4 5 7 9 11 12 | 12.0
Crossbows      | 4 6 |  6.5
Fighting       | 5 7 |  7.8
Armour         | |  1.5
Dodging        | |  1.5

Action                   |  1- 3 |  4- 6 |  7- 9 | 10-12 || total
-------------------------+-------+-------+-------+-------++-------
Melee: Mace              |    49 |       |       |       ||    49
       Whip              |    20 |    87 |   340 |   156 ||   603
Invok: Berserk           |     3 |     3 |     7 |     3 ||    16
       Trog's Hand       |       |       |     1 |     2 ||     3
 Abil: Spit Poison       |       |       |     1 |       ||     1
  Use: Scroll            |       |     7 |     8 |     3 ||    18
       Potion            |       |       |     1 |     6 ||     7
  Eat: Chunk             |     4 |     7 |     8 |     2 ||    21
       Ration            |       |       |     2 |     2 ||     4
Armor: Animal skin       |     6 |       |       |       ||     6
       Ring mail         |    11 |    10 |       |       ||    21
       Chain mail        |       |    33 |   118 |    58 ||   209
Dodge: Dodged            |    33 |    30 |    96 |    39 ||   198

Levels and vault maps discovered:
D:1:      minmay_arrival_radiant_lines, layout_basic, evilmike_ruin_ashenzari
D:2:      minmay_inner_zag, layout_loops_ring, amethyst_overflow_temple_binary,
          elyvilon_altar_5, fedhas_altar_fruit_tree, first_ration,
          minmay_crystal_room, uniq_terence
D:3:      layout_rooms, roderic_lattice_a, chequers_serial_rivers_marsh
D:4:      layout_cave_pools, uniq_sigmund, uniq_edmund
D:5:      layout_loops_cross, kennysheep_little_box, minmay_temple_entry_tees,
          serial_shops, shop, nicolae_shop_crystal, kennysheep_mini, uniq_pikel
D:6:      layout_rooms, lemuel_crystal_altar
D:7:      kennysheep_big_flooded_room, layout_loops_cross, kennysheep_mini_moat,
          uniq_prince_ribbit1, uniq_duvessa
D:8:      layout_gridville, lemuel_round_altar, david_lair_shrubbed,
          blue_anna_alchemist [blue_anna_fruit_fields, blue_anna_fruit_fields],
          uniq_joseph
